 Dungeon Crawl Stone Soup version coffee-0.2.0 (webtiles) character file.

Game seed: 4478336747897602709, levelgen mode: deterministic

19 Dorkslayer the Conjurer (level 2, -2/17 HPs)
             Began as an Octopode Conjurer on Oct 9, 2020.
             Slain by Sigmund
             ... wielding a +2 scythe of flaming
              (3 damage)
             ... on level 2 of the Dungeon.
             The game lasted 00:04:02 (1014 turns).

Dorkslayer the Conjurer (Octopode Conjurer)         Turns: 1014, Time: 00:04:02

Health: -2/17      AC:  1    Str:  7    XL:     2   Next: 75%
Magic:  4/5        EV: 14    Int: 17    God:
Gold:   44         SH:  0    Dex: 16    Spells: 4/5 levels left

rFire    . . .     SeeInvis .   e - +0 dagger
rCold    . . .     Gourm    .   (no shield)
rNeg     . . .     Faith    .   (helmet restricted)
rPois    .         Spirit   .   (no amulet)
rElec    .         Reflect  .   f - +4 ring of dexterity
rCorr    .         Harm     .   (no ring)
MR       .....                  (no ring)
Stlth    ++........             (no ring)
HPRegen  0.05/turn              (no ring)
MPRegen  0.09/turn              (no ring)
                                (no ring)
                                (no ring)

@: confused, stab
A: almost no armour, stealthy swim, amphibious, 8 rings, constrict 8, camouflage
1, gelatinous body 1
a: no special abilities


You were on level 2 of the Dungeon.
You were not hungry.

You visited 1 branch of the dungeon, and saw 2 of its levels.

You collected 44 gold pieces.

Inventory:

Hand Weapons
 e - a +0 dagger (weapon)
Missiles
 d - 65 stones (quivered)
Jewellery
 f - a +4 ring of dexterity (left tentacle)
Scrolls
 c - a scroll of enchant armour
Comestibles
 b - 2 rations


   Skills:
 + Level 2.1(3.0) Dodging
 + Level 3.0(4.4) Stealth
 + Level 2.1(2.8) Spellcasting
 + Level 4.5 Conjurations


You had 4 spell levels left.
You knew the following spells:

 Your Spells              Type           Power        Failure   Level  Hunger
a - Magic Dart            Conj           ###.         2%          1    #......

Your spell library contained the following spells:

 Spells                   Type           Power        Failure   Level  Hunger
 Searing Ray              Conj           ###...       4%          2    ##.....
 Dazzling Flash           Conj/Hex       ##....       12%         3    ###....
 Fulminant Prism          Conj/Hex       ##........   38%         4    #####..
 Iskenderun's Mystic Bla  Conj/Tloc      ##......     38%         4    #####..


Dungeon Overview and Level Annotations

Branches:
Dungeon (2/10)
 Temple: D:2

Altars:
Yredelemnul

Shops:
D:2 [

Annotations:
D:2 Sigmund


Innate Abilities, Weirdness & Mutations

You cannot wear most types of armour.
You are very stealthy in the water. (Stealth+)
You are amphibious.
You can wear up to eight rings at the same time.
You can use your tentacles to constrict eight enemies at once.
Your skin changes colour to match your surroundings (Stealth+).
Your rubbery body absorbs attacks. (AC +1, EV +1)


Message History

Sigmund is lightly wounded.
Sigmund casts a spell at you.
You are confused.
Sigmund struggles against the net.
You bump into the rock wall.
Sigmund struggles against the net.
You bump into the rock wall.
Sigmund gestures at you while chanting.
You are more confused.
Sigmund struggles against the net.
You bump into the rock wall.
You bump into the rock wall.
Sigmund struggles against the net.
You hit Sigmund.
Sigmund is lightly wounded.
Sigmund struggles against the net.
You bump into the rock wall.
Sigmund struggles against the net.
The net rips apart, and Sigmund comes free!
Sigmund hits you from afar with a +2 scythe of flaming.
* * * LOW HITPOINT WARNING * * *
Sigmund burns you.
You die...

#.# .. #.# ###
##.. #...
##..######
.....#.........
..)...@.#
......#.# .....
#@#
.....##.##########
......#.##.......#
......#.##.......#
.................#
......P.P..#.#####
#......_..##.#
#.##..P.P.##.# #
#......##.# ...


You could see Sigmund.

Vanquished Creatures
  A dart slug (D:1)
  2 giant cockroaches (D:1)
  4 goblins
  A hobgoblin (D:1)
  3 bats
  3 frilled lizards (D:1)
  4 rats (D:1)
18 creatures vanquished.

Notes
Turn   | Place    | Note
-------+----------+-------------------------------------------
     0 | D:1      | Dorkslayer the Octopode Conjurer began the quest for the
                  | Orb.
     0 | D:1      | Reached XP level 1. HP: 11/11 MP: 3/3
   195 | D:1      | Reached XP level 2. HP: 17/17 MP: 0/5
   941 | D:2      | Found Urraj's Armour Emporium.
   968 | D:2      | Found a basalt altar of Yredelemnul.
   998 | D:2      | Noticed Sigmund
  1014 | D:2      | Slain by Sigmund

Levels and vault maps discovered:
D:1:      moated_graveyard_arrival, layout_basic,
          chequers_serial_rivers_small_a, grunt_decor_cap
D:2:      layout_rooms, kennysheep_mini_moat, yredelemnul_altar_generic,
          minmay_temple_entry_stoned_glass, serial_shops, shop, first_ration,
          uniq_sigmund, uniq_natasha

Skill      XL: |  1 |
---------------+----+-----
Stealth        | 3 |  3.0
Dodging        | |  2.1
Spellcasting   | |  2.1
Conjurations   | |  4.5

Action                   || total
-------------------------++-------
Melee: Dagger            ||     3
       Constrict         ||     1
Throw: Throwing net      ||     1
 Cast: Magic Dart        ||    30
  Use: Potion            ||     1
Dodge: Dodged            ||     1
